 Dungeon Crawl Stone Soup version 0.19-a0-450-g98b348d (webtiles) character file.

589 namelastname112 the Poker (level 7, -2/61 HPs)
             Began as a Yellow Draconian Wanderer on June 1, 2016.
             Was an Initiate of Gozag.
             Slain by a centaur (6 damage)
             ... on level 5 of the Dungeon.
             The game lasted 00:08:29 (4416 turns).

namelastname112 the Poker (DrWn)                    Turns: 4416, Time: 00:08:30

Health: -2/61      AC:  7    Str: 13    XL:     7   Next: 15%
Magic:  8/8        EV: 13    Int: 11    God:    Gozag
Gold:   192        SH:  0    Dex: 15    Spells: 0 memorised, 6 levels left

rFire  . . .     SeeInvis .     u - +1 halberd (freeze)
rCold  . . .     Gourm    .     (armour unavailable)
rNeg   . . .     Faith    .     (shield currently unavailable)
rPois  .         Spirit   .     (helmet restricted)
rElec  .         Dismiss  .     (no cloak)
rCorr  +         Reflect  .     r - +0 pair of gloves (curse)
SustAt .         Harm     .     (no boots)
MR     .....                    (no amulet)
Stlth  ++........               (no ring)
                                (no ring)

@: gold aura, not resistant to hostile enchantments, unstealthy
A: spit acid, acid resistance, unfitting armour, cold-blooded, AC +6
a: Spit Acid, Potion Petition, Call Merchant, Bribe Branch, Renounce Religion


You were on level 5 of the Dungeon.
You worshipped Gozag.
Gozag was noncommittal.
You were hungry.

You visited 2 branches of the dungeon, and saw 6 of its levels.

You collected 261 gold pieces.
You paid 69 gold pieces to Gozag.

Inventory:

Hand Weapons
 a - a +2 spear
 s - a +2 whip of electrocution
 u - a +1 halberd of freezing (weapon)
Missiles
 w - a throwing net (quivered)
Armour
 e - a pearl dragon hide
 r - a cursed +0 pair of gloves (worn)
Wands
 t - a wand of polymorph (6/24)
 x - a wand of paralysis (6/24)
Scrolls
 d - a scroll of enchant armour {unknown}
 h - 3 scrolls of remove curse {unknown}
 i - 2 scrolls of random uselessness {unknown}
 j - 2 scrolls of teleportation {unknown}
 l - 2 scrolls of fog {unknown}
 n - a scroll of identify {unknown}
 p - a scroll of magic mapping {unknown}
 q - 3 scrolls of fear {unknown}
Potions
 b - a potion of cure mutation {unknown}
 c - a potion of lignification
 k - a potion of mutation {unknown}
 o - a potion of degeneration {unknown}
Comestibles
 f - 3 bread rations
 m - a beef jerky


   Skills:
 + Level 5.2 Fighting
   Level 1.0(4.2) Axes
 * Level 6.6 Polearms
 + Level 3.1 Dodging
 - Level 1.7 Stealth
 + Level 1.6 Evocations


You had 6 spell levels left.
You didn't know any spells.

Dungeon Overview and Level Annotations

Branches:
Dungeon (5/15)             Temple (1/1) D:4

Altars:
Ashenzari
Cheibriados
Elyvilon
Fedhas
Gozag
Hepliaklqana
Kikubaaqudgha
Nemelex Xobeh
Okawaru
Pakellas
Qazlal
Sif Muna
Trog
Vehumet
Xom
Yredelemnul
Zin
The Shining One

Annotations:
D:5 grom234's ghost, novice DrAE


Innate Abilities, Weirdness & Mutations

You can spit globs of acid.
You are resistant to acid.
Your golden yellow scales are hard. (AC +6)
Your body does not fit into most forms of armour.
You are cold-blooded and may be slowed by cold attacks.


Message History

You take 2 damage, and have 14/61 hp.
Evoke which item? (* to show all) (? for menu, Esc to quit)
Zapping:
x - a wand of paralysis {zapped: 3} (will waste charges)
Press: ? - help, Shift-Dir - straight line, f/p - centaur
Aim: a centaur (lightly wounded, chance to defeat MR: 50%)
The centaur resists with some effort.
Evoking this partially-identified wand wasted a few charges.
The centaur hits you.
* * * LOW HITPOINT WARNING * * *
The gnoll closely misses you. The centaur hits you.
* * * LOW HITPOINT WARNING * * *
The gnoll hits you but does no damage.
You take 10 damage, and have 4/61 hp.
It was a potion of cancellation.
Your magical effects are unravelling.
You feel magically purged.
You feel yourself speed up. The centaur misses you. The centaur hits you.
You die...
Your body crumbles into a pile of gold. # #.####.##### #...@cg..... ######.###.. #

You could see a centaur and a gnoll.

Vanquished Creatures
  A phantom (D:4)
  A scorpion (D:4)
  An orc priest (D:3)
  A gnoll shaman (D:4)
  A centaur skeleton (D:4)
  An iguana (D:3)
  4 worker ants
  10 gnolls
  7 adders
  An ooze (D:4)
  3 worms
  2 dart slugs (D:3)
  A giant gecko (D:4)
  6 orcs
  7 bats
  4 giant cockroaches (D:2)
  7 goblins
  6 hobgoblins
  2 jackals (D:3)
  A quokka (D:2)
  A ball python (D:2)
  4 giant newts
  3 kobolds
  5 rats
80 creatures vanquished.

Notes
Turn   | Place    | Note
--------------------------------------------------------------
     0 | D:1      | namelastname112 the Draconian Wanderer began the quest for the Orb.
     0 | D:1      | namelastname112 set off with: a +2 spear, a +0 quarterstaff, a potion of lignification, a +0 dagger, a bread ration
     0 | D:1      | Reached XP level 1. HP: 19/19 MP: 1/1
   563 | D:2      | Reached XP level 2. HP: 26/26 MP: 2/2
  1201 | D:2      | Reached skill level 1 in Dodging
  1238 | D:2      | Reached XP level 3. HP: 25/31 MP: 3/3
  1239 | D:2      | Found a stormy altar of Qazlal.
  1534 | D:2      | Reached skill level 5 in Polearms
  1534 | D:2      | Reached XP level 4. HP: 40/40 MP: 4/4
  2197 | D:3      | Reached XP level 5. HP: 46/46 MP: 5/5
  2696 | D:3      | Reached skill level 6 in Polearms
  2696 | D:3      | Reached XP level 6. HP: 14/53 MP: 6/6
  3482 | D:4      | Found a staircase to the Ecumenical Temple.
  3541 | D:4      | Reached skill level 1 in Evocations
  3938 | D:4      | Reached skill level 5 in Fighting
  3990 | Temple   | Entered the Ecumenical Temple
  4066 | Temple   | Became a worshipper of Gozag Ym Sagoz the Greedy
  4087 | D:5      | Entered Level 5 of the Dungeon
  4090 | D:5      | Noticed grom234's ghost (novice DrAE)
  4099 | D:5      | Your scales start taking on a golden yellow colour.
  4099 | D:5      | Reached XP level 7. HP: 58/61 MP: 8/8
  4416 | D:5      | Slain by a centaur

Vault maps used:
D:1:      tarquinn_simple_flora_water_d
D:2:      first_bread, nicolae_qazlal_general_emergency
D:3:      serial_forest, infiniplex_forest_lined_2,
          infiniplex_forest_clump_small, infiniplex_forest_clump_double,
          infiniplex_forest_lined_4_way
D:4:      minmay_temple_entry_poolview
D:5:      portal_sewer_entry_f, uniq_menkaure
Temple:   grunt_circular_temple_18

Skill      XL: |  1  2  3  4  5  6  7 |
---------------+----------------------+-----
Dodging        | 1 2 3 |  3.1
Polearms       | 5 6 |  6.6
Fighting       | 4 5 |  5.2
Evocations     | 1 |  1.6
Axes           | |  1.0
Stealth        | |  1.7

Action                   |  1- 3 |  4- 6 |  7- 9 || total
-------------------------+-------+-------+-------++-------
Melee: Spear             |   104 |    36 |       ||   140
       Tailslap          |    10 |    15 |     2 ||    27
       Halberd           |       |   117 |    23 ||   140
       Unarmed           |       |     4 |       ||     4
Evoke: Wand              |       |     3 |     2 ||     5
  Use: Potion            |       |     1 |     1 ||     2
 Stab: Sleeping          |     5 |     4 |       ||     9
  Eat: Chunk             |     2 |     7 |       ||     9
       Beef jerky        |       |     1 |       ||     1
Armor: Skin              |    20 |    42 |     5 ||    67
Dodge: Dodged            |    33 |    81 |    21 ||   135
